 Dungeon Crawl Stone Soup version 0.19.1 (webtiles) character file.

50 Sacrifice the Slasher (level 3, -2/29 HPs)
             Began as a Demonspawn Fighter on Nov 25, 2016.
             Slain by an orc warrior
             ... wielding a +0 war axe
              (5 damage)
             ... on level 3 of the Dungeon.
             The game lasted 00:02:02 (1481 turns).

Sacrifice the Slasher (Demonspawn Fighter)          Turns: 1481, Time: 00:02:02

Health: -2/29      AC: 11    Str: 24    XL:     3   Next: 55%
Magic:  3/3        EV:  9    Int: 10    God:
Gold:   126        SH:  0    Dex: 12    Spells: 0 memorised, 2 levels left

rFire  . . .     SeeInvis .     a - +0 long sword
rCold  . . .     Gourm    .     b - +0 scale mail
rNeg   . . .     Faith    .     (no shield)
rPois  .         Spirit   .     (no helmet)
rElec  .         Reflect  .     (no cloak)
rCorr  .         Harm     .     o - +1 pair of gloves {Str+3}
MR     .....                    (no boots)
Stlth  ..........               (no amulet)
                                (no ring)
                                (no ring)

@: mighty, very slightly contaminated, invisible (expiring)
A: yellow scales 2
a: no special abilities


You were on level 3 of the Dungeon.
You were near starving.

You visited 1 branch of the dungeon, and saw 3 of its levels.

You collected 126 gold pieces.

Inventory:

Hand Weapons
 a - a +0 long sword (weapon)
Armour
 b - a +0 scale mail (worn)
 c - a +0 shield
 o - a +1 pair of gloves of strength (worn)
Scrolls
 e - a scroll of magic mapping {unknown}
 h - a scroll of immolation {unknown}
 i - a scroll of enchant armour {unknown}
 j - 2 scrolls of teleportation {unknown}
 k - a scroll of amnesia {unknown}
 l - a scroll of blinking {unknown}
 m - 3 scrolls of identify {unknown}
Potions
 d - 2 potions of might
 q - a potion of invisibility
 r - a potion of resistance {unknown}
 s - a potion of brilliance {unknown}
Comestibles
 f - 3 bread rations
 n - 2 beef jerkies
 p - a meat ration


   Skills:
 - Level 3.0 Fighting
 + Level 3.6 Long Blades
 - Level 2.6 Armour
 - Level 2.6 Shields


You had 2 spell levels left.
You didn't know any spells.

Dungeon Overview and Level Annotations

Branches:
Dungeon (3/15)

Altars:


Innate Abilities, Weirdness & Mutations

You are mostly covered in yellow scales. (AC +3)


Message History

You slash the adder!
You kill the adder!
You closely miss the orc warrior. The orc warrior closely misses you.
You barely miss the orc warrior.
The orc warrior hits you with a war axe!
You hit the orc warrior.
The orc warrior is moderately wounded.
The orc warrior hits you with a war axe!
* * * LOW HITPOINT WARNING * * *
The orc warrior hits you with a war axe.
* * * LOW HITPOINT WARNING * * *
You hit the orc warrior.
The orc warrior is moderately wounded.
The orc warrior hits you but does no damage.
You strike the helpless orc warrior from behind!
You hit the orc warrior.
The orc warrior is heavily wounded.
You flicker for a moment.
The orc warrior hits you with a war axe.
You die...

#. #.#.#.#.##..o
+..#.#.#.......?
#..#.#.##..#.. #♣
#.#.#.....o. ♣≈$
♣#...#.o##.####. ♣≈♣
≈#....oo#o>.....
♣≈♣♣≈#...o#...).....
♣≈†#####.#.........
##@##(bo<#.........
#..ob#.#.#.........
##.#.#.###.........
#...#.# #.#.######
###.#.# #.#.# #.#.b
#.... #.### #####
#.# #.#


You could see an orc warrior and a bat.

Vanquished Creatures
  An adder (D:3)
  A worm (D:2)
  2 dart slugs (D:1)
  A leopard gecko (D:3)
  7 bats
  2 giant cockroaches (D:1)
  3 goblins (D:1)
  4 hobgoblins
  2 ball pythons
  3 frilled lizards
  4 kobolds
  3 rats
33 creatures vanquished.

Notes
Turn   | Place    | Note
-------+----------+-------------------------------------------
     0 | D:1      | Sacrifice the Demonspawn Fighter began the quest for the Orb.
     0 | D:1      | Reached XP level 1. HP: 18/18 MP: 1/1
   307 | D:1      | Gained mutation: You are partially covered in yellow scales. (AC +2) [demonic ancestry]
   307 | D:1      | Reached XP level 2. HP: 23/24 MP: 2/2
   895 | D:2      | Gained mutation: You are mostly covered in yellow scales. (AC +3) [demonic ancestry]
   895 | D:2      | Reached XP level 3. HP: 22/29 MP: 3/3
  1446 | D:3      | Noticed an orc warrior
  1481 | D:3      | Slain by an orc warrior

Skill      XL: |  1  2 |
---------------+-------+-----
Long Blades    | 2 3 |  3.6
Fighting       | |  3.0
Armour         | |  2.6
Shields        | |  2.6

Action                   || total
-------------------------++-------
Melee: Long sword        ||   101
  Use: Potion            ||     3
 Stab: Invisible         ||     1
Armor: Scale mail        ||    65
Dodge: Dodged            ||    56
Block: Shield            ||     7
       Rpst.: Long sword ||    21
